 Dungeon Crawl Stone Soup version 0.28.0-43-g3370ac3207 (webtiles) character file.

Game seed: 308002569791758431

86730 croobank the Warrior (level 15, -12/214 HPs)
             Began as a Hill Orc Fighter on Mar 14, 2022.
             Was the Champion of Beogh.
             Mangled by a naga warrior
             ... wielding a +0 mace
              (20 damage)
             ... on level 2 of the Snake Pit.
             The game lasted 02:15:49 (24645 turns).

croobank the Warrior (Hill Orc Fighter)            Turns: 24645, Time: 02:15:50

Health: -12/214    AC: 17    Str: 32    XL:     15   Next: 88%
Magic:  25/25      EV: 11    Int:  8    God:    Beogh [******]
Gold:   1996       SH: 12    Dex: 10    Spells: 14/14 levels left

rFire   + . .      SeeInvis .   c - +3 war axe "Huorip" {spect, rElec rCorr Str+2}
rCold   + . .      Faith    .   R - +0 kite shield
rNeg    . . .      Spirit   .   F - +1 leather armour "Weruuwn" {-Cast rF+ Str+3}
rPois   +          Reflect  .   L - +2 helmet
rElec   +          Harm     .   r - +1 cloak {rPois}
rCorr   +          Rampage  .   P - +2 pair of gloves
Will    +....      Clarity  +   m - +0 pair of boots
Stlth   .......... NoCast   +   Q - amulet of regeneration
HPRegen 1.25/turn               q - +4 ring of evasion
MPRegen 0.19/turn               y - ring of protection from cold

@: berserking, constricted, very quick
A: walk on water, clarity, screaming 1, MP-powered wands
a: Renounce Religion, Smiting, Recall Orcish Followers, Give Item to Named
Follower, Resurrection


You were on level 2 of the Snake Pit.
You worshipped Beogh.
Beogh was exalted by your worship.
You visited 5 branches of the dungeon, and saw 25 of its levels.

You collected 1996 gold pieces.

Inventory:

Hand Weapons
 a - a +1 war axe of electrocution
 c - the +3 war axe "Huorip" (weapon) {spect, rElec rCorr Str+2}
   (You found it on level 1 of the Snake Pit)

   When its wielder attacks, the weapon's spirit leaps out and strikes again.
   The spirit shares a part of any damage it takes with its wielder.
   Str:       It affects your strength (+2).
   rElec:     It insulates you from electricity.
   rCorr:     It protects you from acid and corrosion.
 e - a +2 battleaxe of venom
 g - a +4 quarterstaff of chaos
 h - a +4 vampiric demon whip
 i - a +4 vorpal broad axe
 n - a +3 great sword
 z - the +4 shortbow of Salt {vorpal, *Slow rN+ Int+4 Stlth+}
   (You found it on level 12 of the Dungeon)

   Any ammunition fired from it inflicts extra damage upon your enemies.
   Int:       It affects your intelligence (+4).
   rN:        It protects you from negative energy.
   *Slow:     It may slow you when you take damage.
   Stlth:     It makes you more stealthy.
 E - the +7 mace of Xythu {speed, rElec Str+6}
   (You found it on level 3 of the Dungeon)

   Attacks with this weapon are significantly faster.
   Str:       It affects your strength (+6).
   rElec:     It insulates you from electricity.
 S - the +9 broad axe of Ziurenk {flame, rN+}
   (You found it on level 1 of the Snake Pit)

   It burns those it strikes, dealing additional fire damage.
   Big, fiery blades are also staple armaments of hydra-hunters.
   rN:        It protects you from negative energy.
 W - a +2 vorpal great sword
 X - the +7 hand axe of Riockiups {vorpal, rElec rPois rC++ Dex-4}
   (You took it off an orc priest on level 9 of the Dungeon)

   It inflicts extra damage upon your enemies.
   Dex:       It affects your dexterity (-4).
   rC:        It greatly protects you from cold.
   rElec:     It insulates you from electricity.
   rPois:     It protects you from poison.
Missiles
 p - 16 javelins (quivered)
 D - 26 boomerangs
 G - 2 boomerangs of dispersal
Armour
 m - a +0 pair of boots (worn)
 r - a +1 cloak of poison resistance (worn)
 F - the +1 leather armour "Weruuwn" (worn) {-Cast rF+ Str+3}
   (You found it on level 3 of the Dungeon)

   Str:       It affects your strength (+3).
   rF:        It protects you from fire.
   -Cast:     It prevents spellcasting.
 L - a +2 helmet (worn)
 P - a +2 pair of gloves (worn)
 R - a +0 kite shield (worn)
Jewellery
 b - a ring of protection from fire
 f - a ring of positive energy
 k - a ring of flight
 q - a +4 ring of evasion (left hand)
 y - a ring of protection from cold (right hand)
 M - a +6 ring of dexterity
 Q - an amulet of regeneration (around neck)
 U - a ring of positive energy
 Z - a ring of willpower
Wands
 d - a wand of flame (36)
 o - a wand of iceblast (3)
 x - a wand of paralysis (5)
 B - a wand of digging (3)
 I - a wand of mindburst (13)
Scrolls
 j - a scroll of holy word
 l - 2 scrolls of fog
 s - a scroll of identify
 C - 2 scrolls of magic mapping
 J - a scroll of brand weapon
 Y - 6 scrolls of teleportation
Potions
 u - 6 potions of mutation
 v - a potion of brilliance
 w - 3 potions of curing
 A - a potion of magic
 H - 3 potions of haste
 K - 2 potions of flight
 N - a potion of cancellation
 T - 2 potions of resistance


   Skills:
 + Level 15.7 Fighting
 + Level 5.5(11.9) Axes
 - Level 13.8(14.1) Maces & Flails
 + Level 14.5 Armour
 + Level 14.5 Shields
 + Level 14.0 Invocations


You had 14 spell levels left.
You didn't know any spells.
Your spell library contained the following spells:

 Spells                   Type           Power      Damage    Failure   Level
 Foxfire                  Conj/Fire      0%         2x1d4     63%         1
 Slow                     Hex            0%         N/A       63%         1
 Summon Small Mammal      Summ           0%         N/A       63%         1
 Ensorcelled Hibernation  Hex/Ice        0%         N/A       77%         2
 Scorch                   Fire           0%         2d5       77%         2
 Call Canine Familiar     Summ           0%         N/A       94%         3
 Confusing Touch          Hex            0%         N/A       94%         3
 Conjure Flame            Conj/Fire      0%         6-21      94%         3
 Dazzling Flash           Conj/Hex       0%         N/A       94%         3
 Inner Flame              Hex/Fire       0%         N/A       94%         3
 Spider Form              Tmut/Pois      0%         N/A       94%         3
 Summon Guardian Golem    Hex/Summ       0%         N/A       94%         3
 Tukima's Dance           Hex            0%         N/A       94%         3
 Vampiric Draining        Necr           0%         2d6       94%         3
 Anguish                  Hex/Necr       0%         N/A       100%        4
 Animate Dead             Necr           0%         N/A       100%        4
 Flame Wave               Conj/Fire      0%         2d4       100%        4
 Agony                    Necr           0%         N/A       100%        5
 Silence                  Hex/Air        0%         N/A       100%        5
 Yara's Violent Unravell  Hex/Tmut       0%         3d3       100%        5
 Summon Cactus Giant      Summ           0%         N/A       100%        6
 Enfeeble                 Hex            0%         N/A       100%        7
 Haunt                    Necr/Summ      0%         N/A       100%        7
 Infestation              Necr           0%         N/A       100%        8


Dungeon Overview and Level Annotations

Branches:
Dungeon (14/15)            Temple (0/1) D:7            Lair (6/6) D:10
  Swamp (0/4) Lair:4        Snake (2/4) Lair:3        Slime (0/5) Lair:5
    Orc (2/2) D:10            Elf (1/3) Orc:2        Vaults (0/5) D:14

Altars:
Gozag
Kikubaaqudgha
Makhleb
Uskayaw
Wu Jian
Beogh

Shops:
D:10 =   Orc:1 (   Orc:2 *([=

Annotations:
Orc:2 Urug


Innate Abilities, Weirdness & Mutations

You can walk on water.
You possess an exceptional clarity of mind.
You occasionally shout uncontrollably at your foes.
You expend magic power (3 MP) to strengthen your wands.


Message History

The naga warrior spits poison at you. You block the splash of poison.
Unknown command.
You hit the naga warrior.
The naga warrior is lightly wounded.
Your +3 war axe "Huorip" {spect, rElec rCorr Str+2} hits the naga warrior!
The naga warrior roars a battlecry!
The naga warrior goes into a battle-frenzy!
You barely miss the naga warrior.
The naga warrior is moderately wounded.
You hit the naga warrior.
Your +3 war axe "Huorip" {spect, rElec rCorr Str+2} hits the naga warrior!!
Your +3 war axe "Huorip" {spect, rElec rCorr Str+2} hits the naga warrior!
The naga warrior hits you with a +0 mace!
The naga warrior grabs you. The naga warrior constricts you.
Horkud unwields a +1 arbalest.
Horkud wields a +4 trident of flaming.
It bursts into flame!
Horkud closely misses the naga warrior.
The naga warrior hits you with a +0 mace!
You slash the naga warrior!
The naga warrior is heavily wounded.
You hit the naga warrior but do no damage.
Your +3 war axe "Huorip" {spect, rElec rCorr Str+2} hits the naga warrior!
Your +3 war axe "Huorip" {spect, rElec rCorr Str+2} hits the naga warrior.
The naga warrior hits you with a +0 mace!!
* * * LOW HITPOINT WARNING * * *
The naga warrior constricts you.
* * * LOW HITPOINT WARNING * * *
Horkud hits the naga warrior with a +4 trident of flaming!
Horkud burns the naga warrior.
The naga warrior hits you but does no damage.
A red film seems to cover your vision as you go berserk!
You feel yourself moving faster!
You feel mighty!
The naga warrior hits you with a +0 mace!!
* * * LOW HITPOINT WARNING * * *
The naga warrior constricts you.
* * * LOW HITPOINT WARNING * * *
Horkud hits the naga warrior with a +4 trident of flaming!!
Horkud burns the naga warrior.
The naga warrior hits you with a +0 mace!!
You die...

#.. #.#.#.....># ###.#.#
#.#.#......# #...#.# #.#.#......#
#.#.#.# #########.#.#......#
#.#.#.# #...........#......#
#.#.#.########'#######.########.#
#.#.#.##........######.########.#
#.#.#'##.......N§..))....)......#
#.............)N@.).†....########
###.............o......#.#
####.............#.....#.#
........######+#.#.###.#.#
###.....# #.#.#.....#.# ........#
#.#.#.#####.# ###.....#
#...........# ###.....#
###.################ #.....<##
#.<...............


You could see 2 naga warriors and the friendly Horkud the orc knight.

Vanquished Creatures
  An orc warlord (Orc:2)
  Aizul (Snake:1)
  Snorg (Lair:3)
  A naga warrior (Snake:2)
  9 hydras
  Erolcha (Orc:2)
  An anaconda (Snake:1)
  An ogre mage (D:14)
  A centaur warrior (D:14)
  A dancing weapon (Elf:1)
  2 two-headed ogres
  An orc high priest (Orc:2)
  4 shock serpents
  A naga sharpshooter (Snake:2)
  3 deep elf knights (Elf:1)
  A skeletal warrior (D:14)
  A bog body (Lair:4)
  2 deep elf archers (Elf:1)
  A lindwurm (Lair:4)
  A harpy (Lair:6)
  2 orc sorcerers (Orc:2)
  5 deep elf pyromancers (Elf:1)
  A deep elf zephyrmancer (Elf:1)
  A mana viper (Snake:1)
  4 cyclopes
  2 elephants
  Maurice (D:10)
  4 salamanders
  8 black mambas
  A guardian serpent (Snake:2)
  A naga mage (Snake:1)
  Maggie (D:9)
  14 cane toads
  2 kobold demonologists (D:14)
  Psyche (D:8)
  An efreet (D:14)
  A tengu conjurer (D:13)
  8 komodo dragons
  2 yaktaurs (D:14)
  3 trolls
  Prince Ribbit (D:6)
  8 blink frogs
  8 slime creatures (D:12)
  3 dream sheep (Lair:4)
  An air elemental (Elf:1)
  4 shadows
  38 yaks
  A vampire (D:13)
  A wyvern (Lair:3)
  A vampire mosquito (D:11)
  3 basilisks
  2 steam dragons
  A warg (Orc:2)
  8 nagas
  An acid dragon (D:13)
  A swamp worm (Lair:4)
  13 water moccasins
  6 orc warriors
  2 sky beasts
  An ice beast (D:7)
  5 black bears
  9 ogres
  A necrophage (D:4)
  4 centaurs
  14 wolves
  A phantom (D:4)
  2 lemures (D:6)
  A kobold brigand (D:14)
  12 bullfrogs
  A gnoll sergeant (D:10)
  2 scorpions
  An earth elemental (Elf:1)
  3 wyvern zombies
  A wyvern skeleton (D:7)
  9 killer bees
  A howler monkey (D:11)
  3 wights
  2 centaur zombies (D:9)
  5 hounds
  5 orc priests
  2 bullfrog skeletons (D:6)
  Crazy Yiuf (D:3)
  A gnoll shaman (D:8)
  9 jellies
  4 centaur skeletons
  2 iguanas
  Terence (D:3)
  10 orc wizards
  3 howler monkey zombies
  11 gnolls
  3 howler monkey skeletons
  3 adders
  2 white imps (D:7)
  An ufetubus (D:4)
  2 adder skeletons (D:4)
  2 dart slugs
  20 orcs
  6 bats
  6 endoplasms
  A giant cockroach (D:3)
  13 goblins
  6 hobgoblins
  11 kobolds
  2 quokkas
  6 ball pythons
  4 frilled lizards
  7 rats
423 creatures vanquished.

Vanquished Creatures (collateral kills)
  Jorgrun (Snake:1)
  Rupert (Lair:6)
  4 hydras
  4 boulder beetles
  An anaconda (Snake:1)
  A merfolk avatar (Lair:6)
  A salamander tyrant (Snake:2)
  2 two-headed ogres (D:11)
  2 centaur warriors
  A dancing weapon (Elf:1)
  A shock serpent (shapeshifter) (Elf:1)
  A naga sharpshooter (Snake:2)
  An orc high priest (Elf:1)
  3 shock serpents
  A deep elf knight (Elf:1)
  A salamander mystic (Snake:2)
  A harpy (Lair:6)
  A deep elf archer (Elf:1)
  8 deep elf zephyrmancers (Elf:1)
  A deep elf pyromancer (D:13)
  2 orc knights (Orc:2)
  An orc sorcerer (Elf:1)
  4 salamanders (Snake:2)
  A cyclops (D:14)
  A centaur zombie (D:11)
  A guardian serpent (Snake:2)
  4 elephants (Lair:6)
  A torpor snail (Lair:4)
  8 black mambas
  4 cane toads
  A centaur skeleton (D:14)
  2 rime drakes
  3 kobold demonologists
  A yaktaur (D:14)
  A tengu conjurer (D:14)
  5 komodo dragons
  A queen bee (shapeshifter) (Elf:1)
  2 trolls
  A polar bear (Lair:4)
  2 hornets (Lair:6)
  2 snapping turtles (Lair:6)
  5 blink frogs
  5 slime creatures
  2 dream sheep (Lair:4)
  A centaur simulacrum (D:14)
  A yak (shapeshifter) (Elf:1)
  A wyvern (Lair:6)
  A shadow (D:10)
  A vampire (D:12)
  7 yaks
  A basilisk (Lair:6)
  A fire elemental (Elf:1)
  8 vampire mosquitoes
  2 nagas (Snake:2)
  3 swamp worms (Lair:4)
  6 water moccasins
  7 orc warriors (Orc:2)
  3 wolves (Lair:6)
  8 orc wizards
  3 ogres
  5 kobold brigands (D:14)
  An electric eel (Lair:4)
  A howler monkey (D:11)
  7 jellies (Lair:5)
  An orc priest (Orc:2)
  A howler monkey zombie (D:11)
  8 orcs (Orc:2)
175 creatures vanquished.

Vanquished Creatures (others)
  Urug (Orc:2)
  A deep elf knight (Elf:1)
  8 orc knights
  2 orc sorcerers (Orc:2)
  15 orc warriors
  9 orc priests
  6 orc wizards (Orc:2)
  36 orcs
  25 fungi
  37 plants
140 creatures vanquished.

Grand Total: 738 creatures vanquished

Notes
Turn   | Place    | Note
-------+----------+-------------------------------------------
     0 | D:1      | croobank the Hill Orc Fighter began the quest for the Orb.
     0 | D:1      | Reached XP level 1. HP: 19/19 MP: 1/1
   141 | D:1      | Reached XP level 2. HP: 23/27 MP: 2/2
   959 | D:2      | Reached skill level 4 in Fighting
   995 | D:2      | Reached XP level 3. HP: 32/33 MP: 3/3
  1671 | D:3      | Found an ornate altar of the Wu Jian Council.
  1671 | D:3      | Noticed Terence
  1693 | D:3      | Killed Terence
  1694 | D:3      | Reached XP level 4. HP: 6/41 MP: 4/4
  2531 | D:3      | Found a runed translucent door.
  2537 | D:3      | Noticed Crazy Yiuf
  2543 | D:3      | Killed Crazy Yiuf
  2549 | D:3      | Identified the +7 mace of Xythu {speed, rElec Str+6}
  2665 | D:3      | Reached XP level 5. HP: 47/47 MP: 5/5
  2709 | D:3      | Identified the +1 leather armour "Weruuwn" {-Cast rF+
                  | Str+3}
  2843 | D:4      | Noticed a phantom
  2853 | D:4      | Killed a phantom
  2854 | D:4      | Reached skill level 1 in Maces & Flails
  2900 | D:4      | Noticed a necrophage
  2912 | D:4      | Killed a necrophage
  2913 | D:4      | Reached skill level 5 in Fighting
  2913 | D:4      | Reached XP level 6. HP: 52/56 MP: 6/6
  3249 | D:4      | Reached XP level 7. HP: 61/61 MP: 7/7
  3334 | D:4      | Reached skill level 5 in Armour
  3839 | D:5      | Entered Level 5 of the Dungeon
  3867 | D:5      | Reached skill level 5 in Shields
  4045 | D:5      | Noticed a yak
  4045 | D:5      | Noticed a yak
  4045 | D:5      | Noticed a yak
  4047 | D:5      | Noticed a yak
  4047 | D:5      | Noticed a yak
  4061 | D:5      | Killed a yak
  4062 | D:5      | Reached skill level 6 in Fighting
  4062 | D:5      | Reached XP level 8. HP: 54/70 MP: 8/8
  4071 | D:5      | Killed a yak
  4072 | D:5      | Reached skill level 5 in Maces & Flails
  4083 | D:4      | Killed a yak
  4343 | D:5      | Killed a yak
  4498 | D:5      | Killed a yak
  4818 | D:5      | Reached skill level 7 in Fighting
  4824 | D:5      | Reached XP level 9. HP: 79/79 MP: 9/9
  4860 | D:5      | Found a hide-covered altar of Uskayaw.
  4925 | D:5      | Found a burning altar of Makhleb.
  5010 | D:6      | Noticed Prince Ribbit
  5023 | D:6      | Killed Prince Ribbit
  5735 | D:7      | Reached skill level 8 in Fighting
  6169 | D:7      | Found a staircase to the Ecumenical Temple.
  6267 | D:7      | Reached XP level 10. HP: 69/89 MP: 10/10
  6688 | D:7      | Noticed a two-headed ogre
  6756 | D:7      | Killed a two-headed ogre
  6757 | D:7      | Reached skill level 9 in Fighting
  6757 | D:7      | Reached skill level 10 in Maces & Flails
  7801 | D:8      | Became a worshipper of Beogh the Brigand
  8002 | D:8      | Noticed Psyche
  8013 | D:8      | Killed Psyche
  8734 | D:9      | Noticed Maggie
  8754 | D:9      | Killed Maggie
  8755 | D:9      | Reached skill level 1 in Invocations
  8755 | D:9      | Reached XP level 11. HP: 62/99 MP: 11/11
  8800 | D:9      | Identified the +7 hand axe of Riockiups {vorpal, rElec
                  | rPois rC++ Dex-4}
  9205 | D:10     | Entered Level 10 of the Dungeon
  9224 | D:10     | Reached * piety under Beogh
  9247 | D:10     | Reached skill level 10 in Fighting
  9276 | D:10     | Found an opulent altar of Gozag.
  9290 | D:10     | Noticed Maurice
  9304 | D:10     | Killed Maurice
  9578 | D:10     | Found Meclec's Jewellery Shop.
  9653 | D:10     | Found a staircase to the Lair.
  9711 | Lair:1   | Entered Level 1 of the Lair of Beasts
  9814 | Lair:1   | Noticed a five-headed hydra
  9844 | Lair:1   | Killed a five-headed hydra
  9936 | Lair:1   | Reached skill level 5 in Invocations
 10087 | Lair:1   | Reached skill level 10 in Armour
 10241 | Lair:1   | Noticed a four-headed hydra
 10252 | Lair:1   | Killed a four-headed hydra
 10253 | Lair:1   | Reached skill level 10 in Shields
 10253 | Lair:1   | Reached XP level 12. HP: 58/108 MP: 16/16
 10333 | Lair:1   | Reached skill level 11 in Fighting
 10400 | Lair:1   | Noticed a five-headed hydra
 10420 | Lair:1   | Killed a five-headed hydra
 10424 | Lair:1   | Reached ** piety under Beogh
 11899 | Lair:3   | Reached *** piety under Beogh
 11957 | Lair:3   | Reached skill level 12 in Fighting
 12233 | Lair:3   | Found a staircase to the Snake Pit.
 12250 | Lair:3   | Noticed Snorg
 12255 | Lair:3   | Reached XP level 13. HP: 109/118 MP: 19/19
 12274 | Lair:3   | Killed Snorg
 13091 | Lair:4   | Gained Arbolt as an ally
 13142 | Lair:4   | Identified the +3 robe "Moepysops" {rN+ Int+2}
 13754 | Lair:4   | Found a staircase to the Swamp.
 13864 | Lair:4   | Found a runed translucent door.
 14168 | Lair:4   | Your ally Arbolt died
 14279 | Lair:5   | Reached **** piety under Beogh
 14306 | Lair:5   | Gained Boldo as an ally
 14363 | Lair:5   | Found a staircase to the Slime Pits.
 14490 | Lair:5   | Noticed Urug
 15316 | Lair:6   | Entered Level 6 of the Lair of Beasts
 15336 | Lair:6   | Reached skill level 13 in Fighting
 15341 | Lair:6   | Noticed Rupert
 15353 | Lair:6   | Killed Rupert
 15460 | Lair:6   | Reached skill level 10 in Invocations
 15513 | Lair:6   | Reached ***** piety under Beogh
 15759 | Lair:6   | Reached XP level 14. HP: 86/129 MP: 21/21
 15956 | Lair:6   | Found an ancient bone altar of Kikubaaqudgha.
 16179 | Lair:6   | Identified the +1 rapier of Etupryq {vorpal, Fly rElec
                  | Dex-5}
 16876 | D:10     | Found a staircase to the Orcish Mines.
 17901 | D:12     | Identified the +4 shortbow of Salt {vorpal, *Slow rN+ Int+4
                  | Stlth+}
 18269 | D:12     | Reached skill level 14 in Fighting
 19678 | D:14     | Gained mutation: You occasionally shout uncontrollably at
                  | your foes. [potion of mutation]
 19678 | D:14     | Gained mutation: You possess an exceptional clarity of
                  | mind. [potion of mutation]
 19678 | D:14     | Gained mutation: You expend magic power (3 MP) to
                  | strengthen your wands. [potion of mutation]
 19843 | D:14     | Your ally Boldo died
 20144 | D:14     | Found a gate to the Vaults.
 20677 | Orc:1    | Entered Level 1 of the Orcish Mines
 20800 | Orc:2    | Entered Level 2 of the Orcish Mines
 20814 | Orc:2    | Gained Ognian as an ally
 20850 | Orc:2    | Gained Learuk as an ally
 20859 | Orc:2    | Your ally Learuk died
 21019 | Orc:2    | Noticed an orc warlord
 21047 | Orc:2    | Your ally Urug died
 21053 | Orc:2    | Your ally Ognian died
 21063 | Orc:2    | Killed an orc warlord
 21064 | Orc:2    | Reached XP level 15. HP: 46/139 MP: 20/24
 21190 | Orc:1    | Found Fuytivob's Antique Weapon Boutique.
 21257 | Orc:2    | Found Atihu's Antique Armour Shop.
 21257 | Orc:2    | Found a roughly hewn altar of Beogh.
 21276 | Orc:2    | Noticed Erolcha
 21321 | Orc:2    | Found Ytees's Antique Weapon Shop.
 21331 | Orc:2    | Killed Erolcha
 21338 | Orc:2    | Found Eqasof's Jewellery Shop.
 21395 | Orc:2    | Found Iggaerphy's General Store.
 21762 | Orc:2    | Found a staircase to the Elven Halls.
 22055 | Elf:1    | Entered Level 1 of the Elven Halls
 22170 | Elf:1    | Reached skill level 15 in Fighting
 22175 | Elf:1    | Reached ****** piety under Beogh
 22221 | Elf:1    | Paralysed by an air elemental for 1 turns
 22524 | Elf:1    | Gained Borgoth as an ally
 22619 | Elf:1    | Your ally Borgoth died
 23025 | Snake:1  | Entered Level 1 of the Snake Pit
 23041 | Snake:1  | Noticed Aizul
 23068 | Snake:1  | Killed Aizul
 23304 | Snake:1  | Identified the +3 war axe "Huorip" {spect, rElec rCorr
                  | Str+2}
 23304 | Snake:1  | You fall into a shaft and drop 1 floor!
 23529 | Snake:1  | Identified the +9 broad axe of Ziurenk {flame, rN+}
 23734 | Snake:1  | Noticed Jorgrun
 23740 | Snake:1  | Killed Jorgrun
 24032 | Snake:2  | Gained Horkud as an ally
 24330 | Snake:2  | Reached skill level 5 in Axes
 24645 | Snake:2  | HP: 8/214 [constriction (3)]
 24645 | Snake:2  | Mangled by a naga warrior

Illustrated notes

Levels and vault maps discovered:
D:1:      onia_arrival_handbag, layout_basic, lemuel_flame_loot_1
D:2:      layout_loops_ring
D:3:      layout_loops_corners, nicolae_wu_jian_wuxing_cycle,
          uniq_crazy_yiuf_cottage, uniq_terence
D:4:      layout_cave_pods
D:5:      layout_basic, mainiacjoe_overflow_catwalk,
          mainiacjoe_overflow_brackets
D:6:      layout_basic, minivault_26, uniq_prince_ribbit1, uniq_pikel
D:7:      minmay_bubble_buster, layout_basic, minmay_temple_entry_arrows,
          enter_bailey_3
D:8:      layout_basic, uniq_psyche
D:9:      layout_layer_cave, uniq_maggie
D:10:     layout_stronghold, grunt_gozag_statues, david_lair_shrubbed,
          orc_0_dummy, serial_shops, nicolae_shop_crystal,
          minmay_misc_feat_columns, uniq_maurice
D:11:     layout_long_grid, dk_noncrumbling_3
D:12:     layout_rooms
D:13:     layout_basic, minivault_1
D:14:     layout_irregular_city, hangedman_vaults_entry_quadrant_bands,
          kennysheep_doodads
Lair:1:   layout_roguey, grunt_megastairs_1
Lair:2:   layout_big_grid, chequers_serial_rivers_room_a, beast_lair_carwin_10,
          lemuel_fruit_fields
Lair:3:   layout_layer_cave, minmay_snake_entry_guardpost_small,
          grunt_megastairs_4, uniq_snorg
Lair:4:   layout_regular_city, nicolae_swamp_entry_splash_gauntlet,
          pf_torpor_hydra
Lair:5:   layout_cellular_growth, minmay_slime_entry_jelly_boxes, uniq_urug
Lair:6:   gammafunk_lair_ancient_temple, layout_cellular_growth, basic_altar,
          st_stairs_4, uniq_rupert
Snake:1:  layout_grid_maze, lemuel_fruit_tree, uniq_jorgrun, uniq_aizul
Snake:2:  layout_basic, st_stairs_10, chequers_hall_statues_wall_a
Orc:1:    layout_diamond_mine, basic_altar, serial_shops, nicolae_shop_trees,
          nicolae_shop_advertising_works [nicolae_subvault_shop_adworks],
          uniq_erica
Orc:2:    grunt_orc_cross, layout_caves, uniq_erolcha
Elf:1:    minmay_elf_arrival_summoners, layout_geoelf_diagonals, orc_legates,
          st_stairs_8

Skill      XL: |  1  2  3  4  5  6  7  8  9 10 11 12 13 14 15 |
---------------+----------------------------------------------+-----
Axes           | 3 5 |  5.5
Fighting       | 4 5 6 7 8 9 10 12 13 14 15 | 15.7
Armour         | 4 5 6 7 8 10 11 12 13 14 | 14.5
Shields        | 4 5 6 7 8 10 11 12 13 14 | 14.5
Maces & Flails | 2 3 4 6 8 10 11 12 13 | 13.8
Invocations    | 1 5 8 10 12 14 | 14.0

Action                   |  1- 3 |  4- 6 |  7- 9 | 10-12 | 13-15 || total
-------------------------+-------+-------+-------+-------+-------++-------
Melee: War axe           |   116 |    24 |       |       |    78 ||   218
       Mace              |       |    43 |   176 |   497 |   907 ||  1623
       Demon whip        |       |       |       |   326 |    17 ||   343
Throw: Dart              |     4 |     1 |    14 |     1 |       ||    20
       Stone             |     4 |       |     2 |       |       ||     6
       Boomerang         |       |       |    20 |       |       ||    20
       Javelin           |       |       |       |     8 |    15 ||    23
Invok: Convert to Beogh  |       |       |       |     1 |       ||     1
       Recall Orcish Fol |       |       |       |       |     5 ||     5
       Smiting           |       |       |       |       |     5 ||     5
       Give Item to Name |       |       |       |       |     2 ||     2
Evoke: Wand              |       |       |       |     4 |    17 ||    21
  Use: Scroll            |       |     3 |     9 |    19 |    16 ||    47
       Potion            |       |     2 |     3 |     1 |    23 ||    29
 Stab: Distracted        |       |       |       |       |     9 ||     9
       Invisible         |       |       |       |       |     3 ||     3
Armor: Scale mail        |    58 |    10 |       |       |       ||    68
       Leather armour    |       |     7 |    21 |   253 |   287 ||   568
Dodge: Dodged            |    64 |    19 |    55 |   207 |   334 ||   679
Block: Buckler           |    27 |    10 |    33 |    10 |       ||    80
       Kite shield       |       |       |       |   348 |   460 ||   808
